 Dungeon Crawl Stone Soup version 0.28.0-43-g3370ac3207 (webtiles) character file.

Game seed: 18174314186861295292

6 lonewolfV2 the Caller (level 1, 0/7 HPs)
             Began as a Felid Summoner on Feb 28, 2022.
             Slain by a jackal (2 damage)
             ... on level 1 of the Dungeon.
             The game lasted 00:00:27 (261 turns).

lonewolfV2 the Caller (Felid Summoner)               Turns: 261, Time: 00:00:28

Health: 0/7        AC:  1    Str:  4    XL:     1   Next: 75%
Magic:  1/4        EV: 17    Int: 16    God:
Gold:   22         SH:  0    Dex: 16    Spells: 3/4 levels left
                                        Lives:  0   Deaths: 0

rFire   . . .      SeeInvis +   (weapon unavailable)
rCold   . . .      Faith    .   (shield unavailable)
rNeg    . . .      Spirit   .   (armour unavailable)
rPois   .          Reflect  .   (helmet unavailable)
rElec   .          Harm     .   (cloak unavailable)
rCorr   .          Rampage  .   (gloves unavailable)
Will    .....                   (boots unavailable)
Stlth   ++........              (no amulet)
HPRegen 0.02/turn               (no ring)
MPRegen 0.09/turn               (no ring)

@: quick
A: very small, claws 1, fangs 3, see invisible, speed 1, shaggy fur 1, stealthy
paws, no weapons or thrown items, no armour, multi-lived
a: no special abilities


You were on level 1 of the Dungeon.
You visited 1 branch of the dungeon, and saw 1 of its levels.

You collected 22 gold pieces.

Inventory:

Scrolls
 a - a scroll of amnesia {unknown}
 b - 2 scrolls of identify {unknown}


   Skills:
 + Level 2.6 Dodging
 + Level 2.6 Stealth
 + Level 2.1 Spellcasting
 + Level 4.2 Summonings


You had 3 spell levels left.
You knew the following spells:

 Your Spells              Type           Power      Damage    Failure   Level
a - Summon Small Mammal   Summ           60%        N/A       3%          1

Your spell library contained the following spells:

 Spells                   Type           Power      Damage    Failure   Level
 Call Imp                 Summ           15%        N/A       5%          2
 Call Canine Familiar     Summ           15%        N/A       11%         3
 Summon Guardian Golem    Hex/Summ       8%         N/A       26%         3
 Summon Lightning Spire   Summ/Air       8%         N/A       65%         4


Dungeon Overview and Level Annotations

Branches:
Dungeon (1/15)

Altars:


Innate Abilities, Weirdness & Mutations

You have sharp claws.
You have razor-sharp teeth.
You have supernaturally acute eyesight. (SInv)
You cover ground quickly. (Speed+)
You are covered in fur. (AC +1)
Your paws help you pounce on unaware monsters.
You are incapable of wielding weapons or throwing items.
You cannot wear armour.
You gain extra lives every three experience levels.


Message History

A ball python comes into view.
The jackal bites your bat. The ball python barely misses your bat.
The ball python grabs your bat. The ball python constricts your bat.
Your bat dies!
Your bat's corpse disappears in a puff of smoke!
Casting: Summon Small Mammal (safe; 3% risk of failure)
Confirm with . or Enter, or press ? or * to list all spells.
The jackal misses you.
Your bat closely misses the jackal.
The jackal misses your bat.
Found a short sword.
Your bat misses the jackal.
Casting: Summon Small Mammal (safe; 3% risk of failure)
Confirm with . or Enter, or press ? or * to list all spells.
Your bat misses the jackal. The jackal barely misses your bat.
The ball python bites your bat. The ball python barely misses your bat.
Your bat closely misses the ball python.
Your bat closely misses the ball python.
The jackal bites your bat.
Your bat dies!
Your bat's corpse disappears in a puff of smoke!
You swap places.
Your quokka misses the ball python. The ball python bites your quokka.
The ball python misses your quokka.
You swap places.
The ball python bites you but does no damage.
The ball python closely misses you.
Your quokka misses the ball python.
Your quokka bites the ball python.
The ball python dies!
Your quokka closely misses the jackal.
The goblin closely misses you.
Casting: Summon Small Mammal (safe; 3% risk of failure)
Confirm with . or Enter, or press ? or * to list all spells.
The jackal closely misses you. The goblin hits you with a +0 dagger.
The goblin misses you.
Your quokka bites the goblin.
The jackal bites you.
* * * LOW HITPOINT WARNING * * *
Your quokka bites the jackal but does no damage.
Your quokka bites the goblin.
The goblin dies!
The jackal bites you.
You die...

... #.)#.....####.####....
#.##.#............ ##...
#....#.#.#......... #...
#.#....#.#.........####..
..#.####†..................
.........#.#.......###''###
##.#.r..#.# ... ##.##.##
#.#.).##.# . #...##.#
..#)..rh@# ##.<.# .#
#.##.##........##....# #
... ##.#####.#.####8# #..#
#.# #.......# #..# #..
######### #..# ...# #..#
..## ... #.#


You could see a jackal (ally target) and a friendly quokka (summoned).

Vanquished Creatures (collateral kills)
  A goblin (D:1)
  2 hobgoblins (D:1)
  2 ball pythons (D:1)
  A kobold (D:1)
6 creatures vanquished.

Notes
Turn   | Place    | Note
-------+----------+-------------------------------------------
     0 | D:1      | lonewolfV2 the Felid Summoner began the quest for the Orb.
     0 | D:1      | Reached XP level 1. HP: 7/7 MP: 4/4
   179 | D:1      | Found a faded altar of an unknown god.
   261 | D:1      | Slain by a jackal

Illustrated notes

Levels and vault maps discovered:
D:1:      saegor_arrival_simple_e, layout_rooms, basic_ecumenical_altar,
          minmay_pentomino_q4

Action                   || total
-------------------------++-------
Melee: Unarmed           ||     5
 Cast: Summon Small Mamm ||     6
Armor: Skin              ||     1
Dodge: Dodged            ||    10
